 Dungeon Crawl Stone Soup version 0.20.2-3-g29329e0561 (webtiles) character file.

1703 Alfie the Archer (level 8, -13/70 HPs)
             Began as a Minotaur Hunter on May 26, 2020.
             Mangled by a komodo dragon (31 damage)
             ... on level 6 of the Dungeon.
             The game lasted 00:15:57 (4404 turns).

Alfie the Archer (Minotaur Hunter)                  Turns: 4404, Time: 00:15:58

Health: -13/70     AC:  5    Str: 18    XL:     8   Next: 73%
Magic:  7/7        EV: 13    Int:  8    God:
Gold:   279        SH:  0    Dex: 12    Spells: 7/7 levels left

rFire    . . .     SeeInvis +   b - +1 short sword
rCold    + . .     Gourm    .   (no shield)
rNeg     . . .     Faith    .   c - +1 leather armour
rPois    .         Spirit   .   (helmet restricted)
rElec    .         Reflect  .   (no cloak)
rCorr    .         Harm     .   n - +0 pair of gloves
MR       .....                  (no boots)
Stlth    +.........             (no amulet)
Regen    0.3/turn               u - ring of see invisible
MPRegen  0.1/turn               v - ring of protection from cold

@: no status effects
A: retaliatory headbutt, horns 2
a: no special abilities


You were on level 6 of the Dungeon.
You were not hungry.

You visited 1 branch of the dungeon, and saw 6 of its levels.
You also visited: Sewer.

You collected 279 gold pieces.

Inventory:

Hand Weapons
 a - a +1 shortbow
 b - a +1 short sword (weapon)
 s - a +1 rapier of draining
Missiles
 d - 30 arrows
Armour
 c - a +1 leather armour (worn)
 n - a +0 pair of gloves (worn)
Jewellery
 u - a ring of see invisible (left hand)
 v - a ring of protection from cold (right hand)
 C - an uncursed ring of wizardry
Scrolls
 h - 4 scrolls of teleportation
 k - 3 scrolls of identify
 r - 3 scrolls of blinking
 B - a scroll of remove curse
Potions
 e - 3 potions of heal wounds
 j - 2 potions of haste {unknown}
 l - a potion of resistance {unknown}
 m - a potion of ambrosia {unknown}
 o - a potion of curing
 q - a potion of mutation {unknown}
 t - 2 potions of degeneration {unknown}
 x - a potion of might {unknown}
 A - a potion of flight {unknown}
Comestibles
 f - 2 bread rations
 g - 2 royal jellies
 i - 2 meat rations
 z - 3 fruits


   Skills:
 + Level 6.2 Fighting
 + Level 0.4 Short Blades
 + Level 10.8 Bows
 + Level 3.4 Armour
 + Level 3.4 Dodging
 + Level 1.3 Stealth


You had 7 spell levels left.
You didn't know any spells.

Dungeon Overview and Level Annotations

Branches:
Dungeon (6/15)             Temple (0/1) D:5

Altars:
Dithmenos
Elyvilon
Gozag
Makhleb
Okawaru
Qazlal
Trog
Vehumet


Innate Abilities, Weirdness & Mutations

You reflexively headbutt those who attack you in melee.
You have a pair of horns on your head.


Message History

Press: ? - help, Shift-Dir - straight line, f/p - komodo dragon
Aim: a komodo dragon (lightly wounded)
You shoot an arrow. The arrow hits the komodo dragon.
The komodo dragon is moderately wounded.
Firing (i - inventory):
d - 32 arrows (quivered)
Press: ? - help, Shift-Dir - straight line, f/p - komodo dragon
Aim: a komodo dragon (moderately wounded)
You shoot an arrow. The arrow hits the komodo dragon.
The komodo dragon is moderately wounded.
The komodo dragon bites you!
* * * LOW HITPOINT WARNING * * *
Firing (i - inventory):
d - 31 arrows (quivered)
Press: ? - help, Shift-Dir - straight line, f/p - komodo dragon
Aim: a komodo dragon (moderately wounded)
You shoot an arrow. The arrow hits the komodo dragon.
The komodo dragon is heavily wounded.
Wield which item (- for none, * to show all)? (? for menu, Esc to quit)
b - a +1 short sword (weapon)
The komodo dragon bites you!!
You die...

*,**,,,,,,,,,,,,*
####*,*########****,*
...#*,,,......,,,,*,****
...#*****#..#####.#,,,,*
...#######........#**,**
..^##.......=.######*,*
.........).....>....*,*
...##.#.#...".#####.*,*
...##.#.#((.(.(l@.#,*,*
#####.#.#..######.#,*,*
#***#.#.#.......#.#,*,*
.,,,....#...#.....#,*,*
##**#.###....<#...#,*,*
# #.#.....(.#...#,*,*
*****,*...........#,#,*
*,,,,,,*#......#..#.#,*
*,,,,,,...####.#..#.#,*


You could see a komodo dragon.

Vanquished Creatures
  The ghost of Alfie the Shooter, an amateur MiHu (Sewer)
  A hornet (D:6)
  3 ogres
  A phantom (D:4)
  A crocodile (Sewer)
  A water moccasin skeleton (D:4)
  A scorpion (D:6)
  A howler monkey (D:5)
  3 crimson imps (D:5)
  2 hounds
  A centaur skeleton (D:3)
  An orc priest (D:6)
  A bullfrog skeleton (D:5)
  4 orc wizards
  Jessica (D:2)
  4 worker ants
  A hound skeleton (D:5)
  8 adders
  4 gnolls (D:3)
  2 oozes
  An adder zombie (D:6)
  An adder skeleton (D:6)
  6 worms
  A dart slug (D:2)
  8 leopard geckos
  13 orcs
  4 goblins
  6 hobgoblins
  6 jackals
  5 quokkas
  A ball python (D:3)
  8 bats
  6 frilled lizards
  15 kobolds
  A leopard gecko zombie (D:5)
  8 rats
132 creatures vanquished.

Notes
Turn   | Place    | Note
-------+----------+-------------------------------------------
     0 | D:1      | Alfie the Minotaur Hunter began the quest for the Orb.
     0 | D:1      | Reached XP level 1. HP: 18/18 MP: 0/0
   408 | D:1      | Reached XP level 2. HP: 25/25 MP: 1/1
   680 | D:1      | Reached skill level 5 in Bows
  1015 | D:2      | Reached XP level 3. HP: 30/30 MP: 2/2
  1051 | D:2      | Noticed Jessica
  1059 | D:2      | Killed Jessica
  1183 | D:2      | Reached skill level 6 in Bows
  1183 | D:2      | Reached XP level 4. HP: 27/38 MP: 3/3
  1189 | D:2      | Found a burning altar of Makhleb.
  1281 | D:2      | Found a bloodstained altar of Trog.
  1611 | D:3      | Reached XP level 5. HP: 26/45 MP: 4/4
  1692 | D:3      | Reached skill level 1 in Armour
  1826 | D:3      | Reached skill level 7 in Bows
  1832 | D:3      | Reached XP level 6. HP: 35/52 MP: 5/5
  2128 | D:3      | Found a glowing drain.
  2165 | Sewer    | Entered a sewer
  2172 | Sewer    | Noticed Alfie's ghost (amateur MiHu)
  2198 | Sewer    | Killed Alfie's ghost
  2198 | Sewer    | Reached skill level 8 in Bows
  2198 | Sewer    | Reached XP level 7. HP: 13/60 MP: 6/6
  2266 | Sewer    | Reached skill level 1 in Stealth
  2766 | D:4      | Reached skill level 5 in Fighting
  2960 | D:4      | Reached skill level 9 in Bows
  3098 | D:4      | Found a white marble altar of Elyvilon.
  3202 | D:4      | Reached XP level 8. HP: 63/68 MP: 7/7
  3411 | D:4      | Found a stormy altar of Qazlal.
  3422 | D:4      | Found an iron altar of Okawaru.
  3434 | D:4      | Found a radiant altar of Vehumet.
  3505 | D:5      | Entered Level 5 of the Dungeon
  3571 | D:5      | Found a bloodstained altar of Trog.
  3610 | D:5      | Found an opulent altar of Gozag.
  3736 | D:5      | Found a staircase to the Ecumenical Temple.
  3761 | D:5      | Reached skill level 10 in Bows
  3846 | D:5      | Found a shadowy altar of Dithmenos.
  4236 | D:6      | Noticed a hornet
  4246 | D:6      | Killed a hornet
  4301 | D:6      | Identified a scroll of acquirement
  4304 | D:6      | Noticed a komodo dragon
  4404 | D:6      | Mangled by a komodo dragon

Skill      XL: |  1  2  3  4  5  6  7  8 |
---------------+-------------------------+-----
Bows           | 5 6 7 8 9 10 | 10.8
Fighting       | 3 4 5 6 |  6.2
Armour         | 1 2 3 |  3.4
Stealth        | 1 |  1.3
Dodging        | 3 |  3.4
Short Blades   | |  0.4

Action                   |  1- 3 |  4- 6 |  7- 9 || total
-------------------------+-------+-------+-------++-------
Melee: Rapier            |       |       |     6 ||     6
       Headbutt          |       |       |     1 ||     1
 Fire: Shortbow          |    76 |   157 |   247 ||   480
  Use: Scroll            |     3 |       |    10 ||    13
       Potion            |       |     1 |     2 ||     3
  Eat: Bread ration      |     1 |       |     1 ||     2
       Royal jelly       |       |       |     1 ||     1
Armor: Leather armour    |     4 |    15 |    21 ||    40
Dodge: Dodged            |    16 |    46 |    49 ||   111
